aen, chaotic female human Rogue ---------- |........| ------------------.--.---------- |.........## ...............%....%.%....[...| |......<.|## ` .------ ----....------...----.| |........| ### |......| |...|....| +..+.. |.| ### ----..--.- # ..|....| .....|....| |..| |.| -+--------- ### |.--|-.- -|...||---- |..| |.|# #+.........| # # |.........|...|.| |.-- |.|# ###|...I...^.| ### #..----.|. |-|--.| mm|.| |.|##########...).>....| # ###|.| +.-|--.%{..- --@ |. |%|# ### |...I.....| # ###|.| |.............- -.| |.|# # ----------- ## |.|---+---.----|-- ... .| |.| #)# # # |.|..|@ |.+..|.. - ----- |.| # |.|..| |.|..|..| |#.| @-%|#### #|.|..| |.--%|..| |..| |.|## ..^|.-----..{.---------|------.+## #|....%.....%...................|# ---..-.%.----------------------- aen the Pilferer Experience level: 10 Strength: 17 Dexterity: 17 Constitution: 18 Intelligence: 10 Wisdom: 13 Charisma: 7 Health: 0(105) Energy: 42(42) Def: 12 Gold: 2278 Moves: 16134 Dungeon seed: kzP8wejyiGeyyObH Game ID: aen_1528364774 Your Inventory: Coins $ - 2278 gold pieces Weapons b - 6 +0 daggers c - 12 +0 darts v - 8 +0 daggers (in quiver) A - 6 poisoned +1 darts D - a +0 dwarvish short sword (weapon in hand) F - a cursed -3 dagger K - 5 blessed +0 daggers W - 3 +1 darts Y - 10 blessed +1 darts Armor e - an uncursed +0 small shield (being worn) z - an uncursed +0 pair of iron shoes (being worn) E - an uncursed +0 dwarvish iron helm (being worn) J - an uncursed +0 dwarvish mithril-coat (being worn) M - an uncursed +0 elven cloak (being worn) Comestibles h - 2 uncursed lizard corpses Scrolls R - an uncursed scroll of confuse monster Potions o - a blessed potion of acid p - an uncursed potion of healing u - an uncursed potion of polymorph x - an uncursed potion of object detection Q - an uncursed potion of sickness X - an uncursed potion of full healing Rings a - a blessed +1 ring of increase accuracy (on left hand) f - a blessed +1 ring of gain constitution l - an uncursed ring of see invisible t - an uncursed ring of searching T - an uncursed +1 ring of adornment Z - an uncursed ring of invisibility (on right hand) Wands k - a blessed wand of magic missile (0:5) s - a wand of magic missile (0:0) B - a wand of nothing (0:7) H - a wand of striking (0:1) O - a wand of striking (0:2) U - a wand of locking (0:3) Tools d - an uncursed lock pick g - an uncursed blindfold (being worn) i - an uncursed tin whistle j - a +0 unicorn horn m - an uncursed stethoscope G - an uncursed mirror L - an uncursed magic whistle S - an uncursed bag of holding Gems n - an uncursed luckstone q - 2 uncursed diamonds r - 3 uncursed worthless pieces of yellow glass w - an uncursed agate stone y - an uncursed touchstone C - an uncursed topaz stone I - an uncursed worthless piece of white glass N - an uncursed worthless piece of yellowish brown glass P - an uncursed worthless piece of blue glass Contents of the bag of holding: a cursed amulet of strangulation a +1 elven dagger 3 +0 elven daggers a cursed -2 elven dagger a blessed +0 cloak of invisibility 8 uncursed food rations an uncursed lembas wafer 6 uncursed scrolls of blank paper a cursed scroll of blank paper 2 uncursed scrolls of earth an uncursed scroll of gold detection a blessed scroll of identify an uncursed scroll of remove curse a blessed scroll of taming a blessed scroll of teleportation an uncursed scroll of teleportation an uncursed potion of acid a blessed potion of booze 4 uncursed potions of booze a cursed potion of full healing a blessed potion of invisibility a blessed potion of object detection 2 uncursed potions of object detection an uncursed potion of sickness a wand of cold (0:4) 13 uncursed tallow candles (0:200) a blessed wax candle (0:400) 2 uncursed amethyst stones an uncursed chrysoberyl stone 3 uncursed emeralds an uncursed opal 4 uncursed rubies 2 uncursed worthless pieces of black glass 3 uncursed worthless pieces of green glass 2 uncursed worthless pieces of orange glass an uncursed worthless piece of red glass 5 uncursed worthless pieces of violet glass 2 uncursed worthless pieces of white glass an uncursed worthless piece of yellow glass an uncursed worthless piece of yellowish brown glass Spells and supernatural/magical abilities: Name Level Category Fail Memory a - force bolt 1 attack 100% 25% l - light 1 divination 100% 27% W - pray for help -- divine ? -- Your skills at the end: Fighting Skills Weapon Skills dagger [Expert] short sword [Skilled] Spellcasting Skills Final Attributes: You were piously aligned. You were cold resistant. You were telepathic. You had automatic searching. You were invisible. You were stealthy. You had a +1 bonus to hit. You were lucky. You had extra luck. Bad luck did not time out for you. Good luck did not time out for you. You are dead. Vanquished creatures: 2 giant mimics a xorn a winter wolf a small mimic an ettin mummy a large dog a freezing sphere 2 shocking spheres a dwarf king 2 leocrottas a pit viper 2 chameleons a crocodile 3 giant beetles 2 wolves a lynx a panther an orc-captain an iron piercer a mumak 2 giant spiders a vampire bat 3 gnome kings an ogre 2 owlbears 3 lizards a chickatrice a dog 3 dingos 2 jaguars a blue jelly a gray unicorn a gnome mummy a snake an ape 5 human zombies a rope golem an imp 3 wood nymphs a water nymph 2 mountain nymphs 4 Mordor orcs 17 Uruk-hai 2 rock piercers 2 rock moles 4 ponies 2 fog clouds 3 yellow lights 3 shriekers 14 gnome lords 9 gnomish wizards 2 kobold mummies a black naga hatchling a golden naga hatchling a guardian naga hatchling 2 ghouls 6 straw golems 2 paper golems 4 giant ants 4 little dogs a floating eye 2 kittens 18 dwarves a homunculus a kobold lord a kobold shaman 19 hill orcs 3 rothes a rabid rat 3 giant bats 5 monkeys 3 orc zombies 7 dwarf zombies a werejackal 6 iguanas 14 killer bees 3 acid blobs 6 coyotes 4 gas spores 12 hobbits 2 large kobolds 4 hobgoblins 12 giant rats 8 cave spiders a brown mold a yellow mold 2 green molds 2 red molds 56 gnomes 8 garter snakes 2 gnome zombies 8 geckos 10 jackals 3 foxes 3 kobolds 3 goblins 8 sewer rats 11 grid bugs 2 bats 7 lichens 3 kobold zombies 6 newts 420 creatures vanquished. Voluntary challenges: You had been an atheist until turn 9717. You used a wielded weapon 411 times, starting on turn 44. You read items or engraved 34 times, starting on turn 568. You never genocided any monsters. You never polymorphed an object. You never changed form. You used no wishes. You never split a pudding. You wrote Elbereth's name 16 times, starting on turn 1602. You violated your moral code, losing 49 points of alignment, starting on turn 4882. Dungeon overview: The Dungeons of Doom: levels 1 to 7 Level 1 a long staircase Level 2 a general store, a fountain Level 3 a weapon shop stairs to The Gnomish Mines Level 4 Level 5 an armor shop, an altar to Kos Level 6 many fountains Level 7 a fountain stairs to Sokoban The Gnomish Mines: levels 4 to 12 Level 4 stairs to The Dungeons of Doom Level 5 Level 6 <- You were here some fountains, a sink Level 7 Level 8 Level 9 Level 11 Level 12 Sokoban: levels 3 to 6 Level 3 Level 4 Level 5 Level 6 stairs to The Dungeons of Doom History has recorded: On T:1 you entered the Dungeons of Doom to retrieve the Amulet of Yendor! On T:405 you reached level 2 of The Dungeons of Doom. On T:426 you advanced to experience level 2. On T:729 you reached level 3 of The Dungeons of Doom. On T:795 you advanced to experience level 3. On T:1181 you reached level 1 of The Gnomish Mines. On T:1194 you advanced to experience level 4. On T:1401 you reached level 2 of The Gnomish Mines. On T:1429 you advanced to experience level 5. On T:1983 you reached level 4 of The Dungeons of Doom. On T:2129 you reached level 5 of The Dungeons of Doom. On T:2577 you advanced to experience level 6. On T:2752 you reached level 6 of The Dungeons of Doom. On T:2925 you reached level 7 of The Dungeons of Doom. On T:3473 you reached level 4 of Sokoban. On T:4200 you reached level 3 of Sokoban. On T:4979 you advanced to experience level 7. On T:5645 you reached level 2 of Sokoban. On T:6666 you reached level 1 of Sokoban. On T:8599 you advanced to experience level 8. On T:10197 you reached level 4 of The Gnomish Mines. On T:10243 you reached level 3 of The Gnomish Mines. On T:11720 you advanced to experience level 9. On T:12621 you reached level 5 of The Gnomish Mines. On T:12850 you reached level 8 of The Gnomish Mines. On T:13120 you reached level 9 of The Gnomish Mines. On T:14062 you advanced to experience level 10. On T:14346 you reached level 6 of The Gnomish Mines. Score breakdown: Gold: 2278 (11421 points) Experience: 10 levels (16712 points) Exploration: 12 levels ( 23.53%) (14071 points) Discoveries: 25 items ( 8.39%) ( 8689 points) Valuables value: (no points given unless you survive) Artifact value: 0 ( 0 points) Variety of kills: 102 monsters ( 26.77%) (15522 points) Turncount: 16134 turns (-3085 points) Survival: died (score multiplied by 80%) Total score: 50664 Latest messages: The wand hits the watchman! The dagger hits the watchman. The wand misses the watchman. You hear a nearby zap. The sleep ray whizzes by you! You hear a gurgling noise. You hit the watchman. You hear a nearby zap. The sleep ray whizzes by you! You hit the watchman. You hear a nearby zap. The sleep ray hits you! It hits! (4x) It misses. It just misses! It misses. It just misses! It hits! (7x) It bumps right into you! It hits! (5x) You die... Final status: Goodbye aen the Rogue, killed by a watch captain, while sleeping... You died in The Gnomish Mines on dungeon level 6 with 50664 points, and 2278 pieces of gold, after 16134 moves. You were level 10 with a maximum of 105 hit points when you died.